 Dungeon Crawl Stone Soup version 0.22.1-2-g9c5b331 (webtiles) character file.

2311 thomd1990 the Cleaver (level 9, -7/78 HPs)
             Began as a Minotaur Fighter on Dec 11, 2018.
             Mangled by Duvessa
             ... wielding a +4 short sword of speed
              (9 damage)
             ... on level 7 of the Dungeon.
             The game lasted 00:37:02 (6165 turns).

thomd1990 the Cleaver (Minotaur Fighter)            Turns: 6165, Time: 00:37:02

Health: -7/78      AC: 14    Str: 23    XL:     9   Next: 18%
Magic:  8/8        EV:  9    Int:  6    God:
Gold:   338        SH: 11    Dex: 10    Spells: 8/8 levels left

rFire    . . .     SeeInvis .   a - +0 war axe
rCold    . . .     Gourm    .   c - +0 shield
rNeg     + . .     Faith    .   E - +0 pearl dragon scales
rPois    .         Spirit   .   (helmet restricted)
rElec    .         Reflect  .   q - +0 cloak
rCorr    .         Harm     .   (no gloves)
MR       .....                  (no boots)
Stlth    ..........             (no amulet)
HPRegen  0.23/turn              (no ring)
MPRegen  0.11/turn              (no ring)

@: no status effects
A: retaliatory headbutt, horns 2, blurry vision 1, sense surroundings 1,
evolution 1
a: no special abilities


You were on level 7 of the Dungeon.
You were not hungry.

You visited 1 branch of the dungeon, and saw 7 of its levels.

You collected 338 gold pieces.

Inventory:

Hand Weapons
 a - a +0 war axe (weapon)
 e - a +4 quarterstaff of chaos
 o - a +0 falchion
 u - a +4 quarterstaff
 v - a +0 scythe
 z - a cursed -2 hunting sling
 C - a +0 spear of piercing
Armour
 c - a +0 shield (worn)
 g - a +0 chain mail
 h - a +0 cloak
 q - a +0 cloak (worn)
 x - a +0 plate armour
 E - +0 pearl dragon scales (worn)
Jewellery
 m - an uncursed amulet of rage {unknown}
 p - an uncursed ring of see invisible {unknown}
 t - an uncursed ring of flight {unknown}
Wands
 b - a wand of clouds (4)
Scrolls
 i - 3 scrolls of magic mapping
 j - 4 scrolls of amnesia
 r - 7 scrolls of remove curse
 s - a scroll of enchant armour {unknown}
 y - 3 scrolls of identify
 A - 2 scrolls of vulnerability {unknown}
 B - 2 scrolls of noise {unknown}
 D - 2 scrolls of blinking {unknown}
 F - a scroll of teleportation
Potions
 d - a potion of might
 k - a potion of mutation
 l - 6 potions of curing
 n - 3 potions of heal wounds
 w - 2 potions of haste
Comestibles
 f - 13 rations
 G - a chunk of flesh


   Skills:
 + Level 6.5 Fighting
 + Level 9.9 Axes
 + Level 7.2 Armour
 + Level 3.2 Dodging
 + Level 1.0 Stealth
 + Level 7.1 Shields


You had 8 spell levels left.
You didn't know any spells.
Your spell library contained the following spells:

 Spells                   Type           Power        Failure   Level  Hunger
 Infusion                 Chrm           #...         98%         1    ##.....
 Shroud of Golubria       Chrm/Tloc      #.........   99%         2    ###....
 Song of Slaying          Chrm           #.......     99%         2    ###....
 Regeneration             Chrm/Necr      #.........   100%        3    ####...
 Spectral Weapon          Hex/Chrm       #.......     100%        3    ####...


Dungeon Overview and Level Annotations

Branches:
Dungeon (7/15)             Temple (0/1) D:7

Altars:
Ashenzari
Cheibriados
Hepliaklqana
Nemelex Xobeh
Qazlal
Ru
Vehumet
Yredelemnul
Zin

Shops:
D:2 *

Annotations:
D:7 Duvessa


Innate Abilities, Weirdness & Mutations

You reflexively headbutt those who attack you in melee.
You have a pair of horns on your head.
Scrolls take you a little longer to read.
You passively map a small area around you.
You evolve.


Message History

You hit Duvessa. You headbutt Duvessa.
Duvessa is moderately wounded.
Duvessa hits you with a short sword of speed!
Duvessa hits you with a short sword of speed.
* * * LOW HITPOINT WARNING * * *
You closely miss Duvessa.
Duvessa is moderately wounded.
Duvessa hits you with a short sword of speed.
* * * LOW HITPOINT WARNING * * *
Duvessa hits you with a short sword of speed!
* * * LOW HITPOINT WARNING * * *
You hit Duvessa.
Duvessa is moderately wounded.
Duvessa hits you with a short sword of speed!
* * * LOW HITPOINT WARNING * * *
Duvessa closely misses you.
You hit Duvessa but do no damage. You headbutt Duvessa.
Duvessa is heavily wounded.
Duvessa hits you with a short sword of speed!
You die...

#######.## #.# #.
........# *
#####.###.
##.###..# *
#.........
*#.##..## #####
#.###.####
#.#..##.####...#
#.# #...
*#..(..........#
#.# #####
##<........)..#
#.# #..#######e.##
#.# #....# * ##@#
#.# #..).ee. ,#..#
#.# #...#####*
#.#.#* #.# ##
#####
#.##.####.### #.
#...........# #.
..........#.# #.
###########.#####.
#....... ########


You could see Duvessa (berserk).

Vanquished Creatures
  Grinder (D:6)
  Sigmund (D:3)
  2 hippogriffs (D:7)
  A water moccasin (D:6)
  2 ice beasts
  A black bear (D:6)
  A sky beast (D:5)
  2 ogres (D:5)
  A centaur (D:6)
  A bullfrog (D:6)
  Dowan (D:7)
  A scorpion (D:4)
  A howler monkey (D:5)
  A crimson imp (D:7)
  A centaur zombie (D:6)
  2 hounds
  A bullfrog skeleton (D:4)
  Crazy Yiuf (D:3)
  An iguana (D:5)
  Ijyb (D:2)
  6 worker ants
  A hound zombie (D:7)
  Robin (D:2)
  5 gnolls
  9 adders
  2 shadow imps
  6 worms
  2 dart slugs
  5 leopard geckos
  9 orcs
  11 giant cockroaches
  19 goblins
  16 hobgoblins
  10 jackals
  2 kobolds
  2 quokkas
  A ball python (D:4)
  9 bats
  7 frilled lizards
  A jackal zombie (D:6)
  A leopard gecko skeleton (D:4)
  A quokka skeleton (D:4)
  A quokka zombie (D:4)
  7 rats
  A fungus (D:3)
159 creatures vanquished.

Notes
Turn   | Place    | Note
-------+----------+-------------------------------------------
     0 | D:1      | thomd1990 the Minotaur Fighter began the quest for the Orb.
     0 | D:1      | Reached XP level 1. HP: 19/19 MP: 0/0
   174 | D:1      | Reached XP level 2. HP: 27/27 MP: 1/1
   445 | D:1      | Reached skill level 3 in Axes
   485 | D:1      | Reached XP level 3. HP: 33/33 MP: 2/2
   778 | D:2      | Found a sparkling altar of Nemelex Xobeh.
   868 | D:2      | Found a snail-covered altar of Cheibriados.
   889 | D:2      | Found a stormy altar of Qazlal.
   938 | D:2      | Noticed Robin
   939 | D:2      | Found Zin's Purification Station.
   961 | D:2      | Killed Robin
   967 | D:2      | Reached XP level 4. HP: 25/40 MP: 3/3
   999 | D:2      | Found a glowing silver altar of Zin.
  1635 | D:3      | Noticed Ijyb
  1655 | D:2      | Killed Ijyb
  1682 | D:2      | Reached skill level 4 in Axes
  1682 | D:2      | Reached XP level 5. HP: 46/46 MP: 4/4
  1774 | D:3      | Noticed Sigmund
  1809 | D:3      | Killed Sigmund
  1809 | D:3      | Reached skill level 5 in Axes
  1809 | D:3      | Reached skill level 5 in Armour
  1809 | D:3      | Reached skill level 1 in Dodging
  1809 | D:3      | Reached skill level 5 in Shields
  1809 | D:3      | Reached XP level 6. HP: 14/53 MP: 5/5
  2171 | D:3      | Found a radiant altar of Vehumet.
  2375 | D:3      | Found a runed door.
  2908 | D:3      | Noticed Crazy Yiuf
  2918 | D:3      | Killed Crazy Yiuf
  3525 | D:4      | Reached skill level 5 in Fighting
  3528 | D:4      | Reached XP level 7. HP: 45/61 MP: 6/6
  3621 | D:4      | Reached skill level 6 in Axes
  3961 | D:4      | Gained mutation: Scrolls take you a little longer to read.
                  | [potion of mutation]
  3961 | D:4      | Gained mutation: You evolve. [potion of mutation]
  4031 | D:5      | Entered Level 5 of the Dungeon
  4293 | D:5      | Reached skill level 7 in Axes
  4333 | D:5      | Reached XP level 8. HP: 57/69 MP: 7/7
  4436 | D:5      | Gained mutation: You passively map a small area around you.
                  | [evolution]
  4437 | D:5      | Found a basalt altar of Yredelemnul.
  4958 | D:6      | Found a shattered altar of Ashenzari.
  5076 | D:6      | Reached skill level 8 in Axes
  5106 | D:6      | Reached skill level 1 in Stealth
  5172 | D:6      | Found a sparkling altar of Nemelex Xobeh.
  5172 | D:6      | Found a sacrificial altar of Ru.
  5305 | D:6      | Noticed Grinder
  5337 | D:6      | Killed Grinder
  5337 | D:6      | Reached skill level 9 in Axes
  5713 | D:7      | Found a hazy altar of Hepliaklqana.
  5873 | D:7      | Found a staircase to the Ecumenical Temple.
  6075 | D:7      | Noticed a hippogriff
  6086 | D:7      | Killed a hippogriff
  6086 | D:7      | Reached XP level 9. HP: 68/78 MP: 8/8
  6138 | D:7      | Noticed Duvessa
  6139 | D:7      | Noticed Dowan
  6158 | D:7      | Killed Dowan
  6164 | D:7      | HP: 2/78 [Duvessa/short sword of speed (12)]
  6165 | D:7      | Mangled by Duvessa

Skill      XL: |  1  2  3  4  5  6  7  8  9 |
---------------+----------------------------+-----
Armour         | 4 5 6 7 |  7.2
Shields        | 4 5 6 7 |  7.1
Axes           | 3 4 5 7 9 |  9.9
Fighting       | 4 5 6 |  6.5
Dodging        | 1 2 3 |  3.2
Stealth        | 1 |  1.0

Action                   |  1- 3 |  4- 6 |  7- 9 || total
-------------------------+-------+-------+-------++-------
Melee: War axe           |    87 |   193 |   186 ||   466
       Headbutt          |    16 |    28 |    46 ||    90
Evoke: Wand              |       |     1 |       ||     1
  Use: Scroll            |       |     6 |       ||     6
       Potion            |       |       |     3 ||     3
  Eat: Chunk             |       |     6 |     1 ||     7
       Ration            |       |     1 |     2 ||     3
Armor: Scale mail        |    28 |    14 |       ||    42
       Chain mail        |       |    74 |       ||    74
       Pearl dragon scal |       |    11 |    51 ||    62
Dodge: Dodged            |    26 |    50 |    65 ||   141
Block: Shield            |    38 |    98 |    94 ||   230
